Map: Terrasses de Prion

Players

zidar

  • Race: Zerg Zerg
  • League: Silver
  • Spawn Location: 11:00

IllIIllIIllI - Winner!

  • Race: Zerg Zerg
  • League: Silver
  • Spawn Location: 5:00

VOD

Have the link to the VOD?

Description

Time

  • Played on: Jan. 22, 2016, 12:59 p.m.
  • Length: 5:55
Show
View Real Time Build Order
Export as new Build Order

zidar Zerg 

Build Orders: Pool First 

Get SALT Encoding   

  12  0:03  Drone  
  13  0:13  Overlord  
  13  0:17  Drone  
  14  0:31  Drone x2  
  17  0:35  Drone  
  17  0:47  Spawning Pool  
  16  0:53  Drone  
  17  1:12  Hatchery  
  17  1:15  Drone  
  17  1:19  Extractor  
  16  1:37  Spine Crawler  
  16  1:38  Drone  
  16  1:55  Drone x3  
  16  1:56  Roach Warren  
  18  2:07  Queen  
  20  2:32  Queen  
  20  2:36  Overlord  
  22  2:40  Roach  
  24  2:56  Roach x2  
  24  2:57  Roach  
  29  3:08  Overlord  
  29  3:27  Roach  
  29  3:28  Roach x2  
  35  3:46  Overlord  
  35  4:01  Overlord x2  
  35  4:18  Overlord, Hatchery  
  30  4:55  Roach x7  
  34  5:16  Drone x2  
  34  5:19  Drone  
Show
View Real Time Build Order
Export as new Build Order

IllIIllIIllI Zerg - Winner!

Build Orders: Hatch First 

Get SALT Encoding   

  12  0:01  Drone  
  13  0:09  Drone  
  14  0:35  Hatchery  
  14  0:38  Drone  
  14  0:44  Overlord  
  14  1:03  Drone x3  
  17  1:12  Spawning Pool  
  17  1:16  Drone  
  17  1:29  Extractor  
  16  1:36  Drone x2  
  18  1:49  Drone  
  18  1:50  Drone  
  20  1:58  Extractor  
  19  2:03  Queen  
  19  2:04  Queen  
  19  2:07  Drone  
  24  2:09  Drone  
  25  2:16  Drone  
  25  2:17  Drone  
  25  2:18  Zergling x2  
  28  2:23  Overlord  
  28  2:30  Overlord  
  28  2:48  Lair  
  28  2:49  Drone x2  
  28  2:50  Roach Warren  
  29  3:16  Drone x2  
  29  3:17  Drone x2  
  33  3:20  Hatchery  
  33  3:26  Evolution Chamber  
  31  3:27  Drone  
  31  3:28  Evolution Chamber  
  31  3:29  Drone  
  31  3:32  Drone  
  33  3:35  Drone  
  34  3:45  Drone  
  34  3:46  Drone x3  
  38  3:48  Drone  
  38  3:50  Drone  
  40  3:56  Glial Reconstitution  
  40  3:57  Overlord  
  40  4:03  Spine Crawler  
  40  4:06  Zergling x4  
  40  4:08  Roach  
  43  4:13  Spine Crawler  
  43  4:15  Roach  
  44  4:18  Roach  
  44  4:20  Roach  
  48  4:26  Roach x2  
  51  4:34  Roach  
  51  4:37  Roach x3  
  57  4:42  Zergling x2  
  57  4:45  Queen  
  51  4:55  Roach x2  
  51  4:56  Roach  
  57  5:04  Drone x2  
  57  5:06  Drone  
  58  5:11  Overlord  
  58  5:16  Overlord  
  58  5:32  Roach  
Tags
 
Add a new tag
Caveats
  • Supply blocks, unpowered buildings, or Contaminate may cause inaccurate times.
  • Supply counts are checked every 10 seconds.